 Dungeon Crawl Stone Soup version 0.28-a0-834-g1a73be5ee4 (webtiles) character file.

Game seed: 985004345416182006

275 Essalna the Firebug (level 6, 36/42 HPs)
             Began as a Demonspawn Fire Elementalist on Nov 11, 2021.
             Got out of the dungeon alive.
             The game lasted 00:08:09 (3513 turns).

Essalna the Firebug (Demonspawn Fire Elementalist)  Turns: 3513, Time: 00:08:10

Health: 36/42      AC:  3    Str: 15    XL:     6   Next: 3%
Magic:  11/11      EV: 11    Int: 18    God:
Gold:   165        SH:  4    Dex: 13    Spells: 4/11 levels left

rFire   . . .      SeeInvis .   f - +2 mace (vorpal)
rCold   . . .      Faith    .   d - +0 buckler
rNeg    . . .      Spirit   .   a - +0 robe
rPois   .          Reflect  .   (no helmet)
rElec   .          Harm     .   e - +0 cloak
rCorr   .          Rampage  .   (no gloves)
Will    .....                   (no boots)
Stlth   ++........              h - amulet of magic regeneration
HPRegen 0.14/turn               k - +6 ring of strength
MPRegen 0.37/turn               (no ring)

@: no status effects
A: hooves 1, spiny 2, weakness stinger 1
a: no special abilities


You escaped.
You visited 1 branch of the dungeon, and saw 4 of its levels.
You also visited: Sewer.

You collected 165 gold pieces.

Inventory:

Hand Weapons
 f - a +2 vorpal mace (weapon)
Armour
 a - a +0 robe (worn)
 d - a +0 buckler (worn)
 e - a +0 cloak (worn)
Jewellery
 h - an amulet of magic regeneration (around neck)
 k - a +6 ring of strength (left hand)
Wands
 r - a wand of charming (8)
Scrolls
 c - a scroll of identify
 l - a scroll of vulnerability {unknown}
 n - 2 scrolls of teleportation
 o - a scroll of amnesia {unknown}
 q - a scroll of immolation {unknown}
Potions
 b - 2 potions of heal wounds
 g - a potion of degeneration {unknown}
 i - a potion of attraction {unknown}
 j - 4 potions of flight
 m - a potion of resistance {unknown}
 p - a potion of curing {unknown}


   Skills:
 + Level 0.8 Fighting
 - Level 1.7 Dodging
 - Level 1.7 Stealth
 + Level 2.1 Shields
 + Level 3.3 Spellcasting
 + Level 3.0 Conjurations
 + Level 3.9 Fire Magic


You had 4 spell levels left.
You knew the following spells:

 Your Spells              Type           Power      Damage    Failure   Level
a - Foxfire               Conj/Fire      60%        2x1d7     4%          1
b - Scorch                Fire           34%        2d7       6%          2
c - Flame Wave            Conj/Fire      15%        3d5       43%         4

Your spell library contained the following spells:

 Spells                   Type           Power      Damage    Failure   Level
 Conjure Flame            Conj/Fire      15%        6-21      14%         3
 Freeze                   Ice            12%        1d4       21%         1
 Inner Flame              Hex/Fire       10%        N/A       26%         3
 Corpse Rot               Necr/Air       6%         N/A       30%         2
 Poisonous Vapours        Pois/Air       6%         N/A       30%         2
 Frozen Ramparts          Ice            6%         1d2       52%         3
 Hailstorm                Conj/Ice       8%         3d4       71%         4


Dungeon Overview and Level Annotations

Branches:
Dungeon (4/15)              Sewer (visited)
 Temple: D:4-7

Altars:
Yredelemnul
Zin

Shops:
D:3 *


Innate Abilities, Weirdness & Mutations

You have large cloven feet.
You are mostly covered in sharp spines.
You have a small tail.


Message History

Confirm with . or Enter, or press ? or * to list all spells.
You conjure some foxfire!
The orc closely misses you. The orc hits you with a +0 whip.
Casting: Foxfire (safe; 4% risk of failure)
Confirm with . or Enter, or press ? or * to list all spells.
You conjure some foxfire!
The foxfire hits the orc but does no damage.
The orc is heavily wounded.
The foxfire hits the orc but does no damage.
The orc is heavily wounded.
You block the orc's attack. The orc hits you with a +0 whip.
Casting: Foxfire (safe; 4% risk of failure)
Confirm with . or Enter, or press ? or * to list all spells.
You conjure some foxfire!
The foxfire hits the orc but does no damage.
The orc is heavily wounded.
The foxfire hits the orc.
You kill the orc!
You block the orc's attack.
Casting: Foxfire (safe; 4% risk of failure)
Confirm with . or Enter, or press ? or * to list all spells.
You don't know that spell.
Unknown command.
Unknown command.
The foxfire hits the orc but does no damage.
The orc is heavily wounded.
The foxfire hits the orc but does no damage.
The orc is heavily wounded.
You block the orc's attack. The orc is struck by your spines.
You kill the orc!
There is a stone staircase leading up here.
You climb upwards.
There is a stone staircase leading down here.
There is a stone staircase leading up here.
You climb upwards.
There is a stone staircase leading down here.
There is a staircase leading out of the dungeon here.
Are you sure you want to leave the Dungeon?
This will make you lose the game!
You have escaped!

##### ##.... ######...## #####
#........# #########
####...#####.####...##
#.......####.........##########..
#.##............@.........# #..
..##.#..####.........####.# #..
##...#.....####...#####.#.# #..
#.#####...##.##### ##.#.# #..
#...#.....##.########....# ###
###.#.....##.............#### #
#...###...................# #
####.### #.##########.....##.####
.....# #.# ##...#.....##


There were no monsters in sight!

Vanquished Creatures
  A lemure (D:4)
  A merfolk siren (Sewer)
  Terence (D:2)
  A merfolk avatar (Sewer)
  An orc wizard (D:3)
  3 gnolls (D:2)
  3 adders
  2 river rats (Sewer)
  2 worms (D:2)
  8 orcs
  5 endoplasms
  7 giant cockroaches
  4 goblins
  5 hobgoblins
  3 jackals (D:3)
  8 quokkas
  9 ball pythons
  3 bats
  7 frilled lizards
  4 kobolds
  A quokka skeleton (D:4)
  30 rats
  A spectral orc (D:3)
110 creatures vanquished.

Vanquished Creatures (collateral kills)
  9 foxfires (D:2)
9 creatures vanquished.

Vanquished Creatures (others)
  231 foxfires
  6 plants (D:2)
237 creatures vanquished.

Grand Total: 356 creatures vanquished

Notes
Turn   | Place    | Note
-------+----------+-------------------------------------------
     0 | D:1      | Essalna the Demonspawn Fire Elementalist began the quest
                  | for the Orb.
     0 | D:1      | Reached XP level 1. HP: 13/13 MP: 3/3
   511 | D:1      | Gained mutation: You are partially covered in sharp spines.
                  | [demonic ancestry]
   511 | D:1      | Reached XP level 2. HP: 19/19 MP: 0/5
   673 | D:1      | Learned a level 2 spell: Scorch
  1050 | D:2      | Gained mutation: You are mostly covered in sharp spines.
                  | [demonic ancestry]
  1050 | D:2      | Reached XP level 3. HP: 24/24 MP: 2/6
  1062 | D:2      | Noticed Terence
  1074 | D:2      | Killed Terence
  1075 | D:2      | Reached skill level 1 in Shields
  1192 | D:2      | Discovered your monstrous ancestry.
  1192 | D:2      | Gained mutation: You have a small tail. [demonic ancestry]
  1192 | D:2      | Reached XP level 4. HP: 30/30 MP: 6/8
  1357 | D:2      | You fall into a shaft and drop 2 floors!
  1357 | D:4      | Noticed a lemure
  1393 | D:4      | Killed a lemure
  1711 | D:3      | Found a glowing drain.
  1724 | Sewer    | Entered a sewer
  1869 | Sewer    | Reached XP level 5. HP: 35/35 MP: 9/9
  2576 | D:2      | Learned a level 4 spell: Flame Wave
  2803 | D:2      | Found a faded altar of an unknown god.
  2943 | D:3      | Found Gittyen's Assorted Antiques.
  3317 | D:3      | Found a basalt altar of Yredelemnul.
  3433 | D:3      | Gained mutation: You have large cloven feet. [demonic
                  | ancestry]
  3433 | D:3      | Reached XP level 6. HP: 40/42 MP: 9/11
  3513 | D:$      | Got out of the dungeon alive.

Illustrated notes

Levels and vault maps discovered:
D:1:      dpeg_arrival_rhombus, layout_loops_ring,
          hangedman_abyss_or_decor_stabs
D:2:      layout_rooms, chequers_ecumenical_altar_lobes, basic_altar,
          serial_bayou, serial_bayou_pond_e, serial_bayou_shore_a,
          serial_bayou_lagoon_b, serial_bayou_pond_c, serial_bayou_crossing,
          serial_bayou_pond_a, uniq_terence
D:3:      layout_loops_cross, yredelemnul_forgotten_temple_becter, serial_shops,
          nicolae_shop_trees, portal_sewer_entry_f, feat_on_display
D:4:      cheibrodos_barr_body, layout_basic,
          chequers_temple_overflow_statue_of_worship, minmay_temple_entry_tees,
          uniq_pikel

Skill      XL: |  1  2  3  4  5 |
---------------+----------------+-----
Fire Magic     | 3 |  3.9
Shields        | 1 2 |  2.1
Conjurations   | 2 3 |  3.0
Spellcasting   | 3 |  3.3
Fighting       | |  0.8
Dodging        | |  1.7
Stealth        | |  1.7

Action                   |  1- 3 |  4- 6 || total
-------------------------+-------+-------++-------
Melee: Mace              |     8 |    87 ||    95
       Tailslap          |       |     9 ||     9
       Kick              |       |     1 ||     1
 Cast: Foxfire           |    72 |    71 ||   143
  Use: Scroll            |       |     2 ||     2
 Stab: Sleeping          |       |     5 ||     5
Armor: Robe              |     2 |    12 ||    14
Dodge: Dodged            |     7 |    42 ||    49
Block: Buckler           |     3 |    22 ||    25

Table legend: (Time is in decaauts)
 A = Elapsed time spent in this place.
 B = Non-inter-level travel time spent in this place.
 C = Inter-level travel time spent in this place.
 D = Time resting spent in this place.
 E = Time spent auto-exploring this place.
 F = Levels seen in this place.
 G = Mean time per level.
                   A        B        C        D        E       F      G
               +--------+--------+--------+--------+--------+-----+--------+
         Total |   3649 |   3526 |    123 |      0 |   2810 |   5 |  729.8 |
       Dungeon |   3023 |   2900 |    123 |      0 |   2392 |   4 |  755.8 |
         Sewer |    626 |    626 |      0 |      0 |    418 |   1 |  626.0 |
               +--------+--------+--------+--------+--------+-----+--------+

Top non-repeatable levels by time:
     D:2: 1018 daAuts
     D:1: 1010 daAuts
     D:3: 681 daAuts
   Sewer: 626 daAuts
     D:4: 313 daAuts
